 Dungeon Crawl Stone Soup version 0.29-a0-359-g541a27f54d (webtiles) character file.

Game seed: 1573277833922348266

134 spaghetti the Skirmisher (level 5, 0/57 HPs)
             Began as an Ogre Chaos Knight on Apr 27, 2022.
             Was a Plaything of Xom.
             Slain by a black bear (6 damage)
             ... on level 3 of the Dungeon.
             The game lasted 00:03:40 (2332 turns).

spaghetti the Skirmisher (Ogre Chaos Knight)        Turns: 2332, Time: 00:03:42

Health: 0/57       AC:  5    Str: 18    XL:     5   Next: 17%
Magic:  5/5        EV: 10    Int: 13    God:    Xom [....*.]
Gold:   173        SH:  0    Dex:  8    Spells: 4/4 levels left

rFire   . . .      SeeInvis .   f - +2 dagger (venom) {short}
rCold   . . .      Faith    .   (no shield)
rNeg    . . .      Spirit   .   b - +2 robe
rPois   .          Reflect  .   (helmet restricted)
rElec   .          Harm     .   (no cloak)
rCorr   .          Rampage  .   (gloves unavailable)
Will    .....                   (boots unavailable)
Stlth   +.........              (no amulet)
HPRegen 0.19/turn               (no ring)
MPRegen 0.09/turn               (no ring)

@: no status effects
A: large, unfitting armour, tough skin 1
a: Renounce Religion


You were on level 3 of the Dungeon.
You worshipped Xom.
You were a beloved toy of Xom.
You visited 1 branch of the dungeon, and saw 3 of its levels.

You collected 173 gold pieces.


Innate Abilities, Weirdness & Mutations

You are too large for most types of armour.
You have tough skin. (AC +1)


   Skills:
 * Level 5.1 Fighting
 - Level 3.0 Polearms
 * Level 2.2 Throwing
 * Level 3.1 Dodging
 + Level 1.4 Unarmed Combat
 + Level 0.2 Transmutations
 + Level 0.1 Ice Magic


You had 4 spell levels left.
You didn't know any spells.
Your spell library contained the following spells:

 Spells                   Type           Power      Damage    Failure   Level
 Hailstorm                Conj/Ice       0%         3d3       96%         4
 Ice Form                 Ice/Tmut       0%         N/A       96%         4
 Passage of Golubria      Tloc           0%         N/A       97%         4
 Silence                  Hex/Air        0%         N/A       100%        5
 Simulacrum               Ice/Necr       0%         N/A       100%        6
 Lehudib's Crystal Spear  Conj/Erth      0%         10d2      100%        8

Inventory:

Hand Weapons
 a - a +0 spear of chaos {polearm}
 f - a +2 dagger of venom (weapon) {short}
   (You found it on level 1 of the Dungeon)
Missiles
 e - 3 silver javelins {throwing}
 j - 61 stones (quivered) {throwing}
 p - 3 atropa-tipped darts {throwing}
Armour
 b - a +2 robe (worn)
Jewellery
 k - an amulet of faith {!P}
   (You found it on level 1 of the Dungeon)
 r - an amulet of the acrobat
   (You found it on level 2 of the Dungeon)
Scrolls
 d - a scroll of amnesia {unknown}
 h - 2 scrolls of teleportation {unknown}
 i - a scroll of enchant armour {unknown}
 l - a scroll of enchant weapon {unknown}
 n - a scroll of fog {unknown}
 s - a scroll of blinking {unknown}
Potions
 g - a potion of heal wounds {unknown}
 m - 3 potions of curing {unknown}
 o - 2 potions of attraction {unknown}
 q - 3 potions of mutation {unknown}
 t - a potion of degeneration {unknown}
 u - a potion of lignification {unknown}
Miscellaneous
 c - a piece from Xom's chessboard (15/15)

Dungeon Overview and Level Annotations

Branches:
Dungeon (3/15)

Altars:

.#........##.#.......
#........###.#...###.
.......### #.#...#
#......# #.#...###.#
##.....#####.........#
#.#.............#####
.############)....# ..
##.##.# ## #@# # #h#
#?.......# #...!....#
#....!...# ..........#
#.#.......## #
#.......# #.......#


You could see a black bear (berserk, extremely poisoned).


Message History

You are too injured to fight recklessly!
You are too injured to fight recklessly!
You are too injured to fight recklessly!
Unknown command.
The orc throws a boomerang.
The boomerang closely misses you.
The orc throws a boomerang.
The boomerang hits you. 😕 HP[-2]
You take 2 damage, and now have 44/49 hp.
You barely miss the orc priest. The orc priest closely misses you.
You hit the orc priest.
The orc priest is poisoned. "Heh heh heh..."
The black bear looks rather confused.
The orc looks rather confused.
You are now a beloved toy of Xom.
The orc priest miscasts a cantrip.
Unknown command.
Unknown command.
You hit the orc priest but do no damage.
The orc priest looks as sick as possible!
The black bear seems less confused.
The orc priest closely misses you.
You hit the orc priest.
The orc priest hits you but does no damage.
You hit the orc priest.
The orc priest looks as sick as possible!
The orc priest hits you with a +0 mace. 😕 HP[-4]
You take 4 damage, and now have 40/49 hp.
You hit the orc priest but do no damage.
The orc priest looks as sick as possible!
The orc seems less confused.
The orc priest invokes the aid of Beogh against you.
Pain shoots through your body! 😮 HP[-5]
You take 5 damage, and now have 35/49 hp.
You hit the orc priest.
You kill the orc priest!
Your Fighting skill increases to level 5!
You have reached level 5! 😮 HP[+5] MP[+1]
You now have 57 max hp (+8).
You regained 5 hp, and now have 40/57 hp.
Your mp is fully restored (5).
You hit the orc but do no damage.
The orc is poisoned.
The orc barely misses you. 😮 HP[+1]
You hit the orc but do no damage.
The orc looks as sick as possible!
The orc barely misses you.
You hit the orc but do no damage.
The orc looks as sick as possible!
You kill the orc!
You barely miss the black bear. The black bear bites you.
The black bear claws you.
The black bear claws you but does no damage. 😮 HP[-4]
You take 4 damage, and now have 37/57 hp.
You hit the black bear but do no damage.
The black bear is poisoned.
The black bear barely misses you. The black bear claws you. x2 😮 HP[-3]
You take 3 damage, and now have 34/57 hp.
You hit the black bear.
The black bear looks as sick as possible!
The black bear bites you but does no damage.
The black bear claws you but does no damage.
The black bear barely misses you. 😮 HP[+1]
You hit the black bear. The black bear closely misses you.
The black bear claws you. x2 😮 HP[-3]
You take 3 damage, and now have 32/57 hp.
You barely miss the black bear.
The black bear goes berserk!
Xom is mildly amused.
Unknown command.
Unknown command.
You hit the black bear.
The black bear looks as sick as possible!
The black bear bites you.
* * * LOW HITPOINT WARNING * * *
The black bear claws you but does no damage.
The black bear claws you.
* * * LOW HITPOINT WARNING * * *
😨 HP[-11]
You take 11 damage, and now have 21/57 hp.
Unknown command.
Unknown command.
You barely miss the black bear. The black bear closely misses you.
The black bear barely misses you. The black bear claws you.
* * * LOW HITPOINT WARNING * * *
The black bear barely misses you.
The black bear claws you but does no damage.
The black bear claws you.
* * * LOW HITPOINT WARNING * * *
😨 HP[-5]
You take 5 damage, and now have 16/57 hp.
Unknown command.
Unknown command.
You barely miss the black bear. The black bear bites you!
* * * LOW HITPOINT WARNING * * *
The black bear claws you.
You die... "It was about time."

Skill      XL: |  1  2  3  4 |
---------------+-------------+-----
Throwing       | 1 2 |  2.2
Unarmed Combat | 1 |  1.4
Dodging        | 3 |  3.1
Fighting       | 5 |  5.1
Polearms       | |  3.0
Transmutations | |  0.2
Ice Magic      | |  0.1

Action                   |  1- 3 |  4- 6 || total
-------------------------+-------+-------++-------
Melee: Dagger            |   121 |    50 ||   171
       Punch             |     1 |     1 ||     2
Throw: Stone             |    13 |       ||    13
Armor: Robe              |    51 |    19 ||    70
Dodge: Dodged            |    59 |    23 ||    82

Levels and vault maps discovered:
D:1:      elethiomel_arrival_maze, layout_basic,
          shapermc_ecumenical_altar_mp_vishouse, minmay_splitting_lines,
          serial_bayou_crossing
D:2:      cheibrodos_greedy_goblins, layout_loops_corners
D:3:      layout_loops_ring, uniq_natasha

Notes
Turn   | Place    | Note
-------+----------+-------------------------------------------
     0 | D:1      | spaghetti the Ogre Chaos Knight began the quest for the
                  | Orb.
     0 | D:1      | Reached XP level 1. HP: 24/24 MP: 1/1
     0 | D:1      | magus.rc [v1.9.6]
   292 | D:1      | Reached XP level 2. HP: 29/29 MP: 2/2
   448 | D:1      | Reached skill level 1 in Throwing
   828 | D:1      | Reached XP level 3. HP: 40/40 MP: 3/3
   850 | D:1      | XOM: silly message
  1025 | D:1      | Found a faded altar of an unknown god.
  1281 | D:2      | Reached skill level 1 in Unarmed Combat
  1597 | D:2      | XOM is BORED!
  1597 | D:2      | XOM: 5-stop teleportation journey
  1709 | D:2      | XOM: 5-stop teleportation journey
  1788 | D:2      | Reached XP level 4. HP: 47/49 MP: 4/4
  2124 | D:3      | You pick up a book of the Tundra and begin reading...
  2124 | D:3      | You add the spells Hailstorm, Ice Form and Simulacrum to
                  | your library.
  2175 | D:3      | Noticed Natasha
  2181 | D:3      | Killed Natasha
  2182 | D:3      | Reached skill level 2 in Throwing
  2182 | D:3      | Reached skill level 3 in Dodging
  2275 | D:3      | You pick up a book of the Moon and begin reading...
  2275 | D:3      | You add the spells Passage of Golubria, Silence and
                  | Lehudib's Crystal Spear to your library.
  2311 | D:3      | Noticed a black bear
  2316 | D:3      | XOM: confuse monster(s)
  2322 | D:3      | Reached skill level 5 in Fighting
  2322 | D:3      | Reached XP level 5. HP: 40/57 MP: 5/5
  2332 | D:3      | HP: 6/57 [black bear (11)]
  2332 | D:3      | Slain by a black bear

Vanquished Creatures
  An orc priest (D:3)
  Natasha (D:3)
  An adder (D:3)
  2 worms
  2 dart slugs (D:1)
  3 orcs (D:3)
  5 ball pythons
  4 bats
  4 endoplasms
  3 giant cockroaches
  13 goblins
  6 hobgoblins
  3 jackals (D:2)
  A quokka (D:1)
  A frilled lizard (D:1)
  3 kobolds (D:1)
  A rat (D:2)
54 creatures vanquished.

Table legend:
 A = Non-vault XP
 B = Vault XP
 C = Vault XP percentage of total XP
 D = Non-vault monster count
 E = Vault monster count
 F = Vault count percentage of total count
                 A         B        C        D         E       F
            +---------+---------+-------+---------+---------+-------
      Total |     139 |      53 |  27.6 |      43 |      11 |  20.4
            +---------+---------+-------+---------+---------+-------
        D:1 |      40 |       0 |   0.0 |      21 |       0 |   0.0
        D:2 |      27 |      18 |  40.0 |      14 |      10 |  41.7
        D:3 |      72 |      35 |  32.7 |       8 |       1 |  11.1
            +---------+---------+-------+---------+---------+-------

Illustrated notes

Table legend:
 A = Kills in this place as a percentage of kills in entire the game.
 B = Kills by you in this place as a percentage of kills by you in the entire game.
 C = Kills by friends in this place as a percentage of kills by friends in the entire game.
 D = Other kills in this place as a percentage of other kills in the entire game.
 E = Experience gained in this place as a percentage of experience gained in the entire game.
 F = Experience gained in this place divided by the number of levels of this place that you have seen.
                   A       B       C       D       E      F
               +-------+-------+-------+-------+-------+----------------------
         Total | 100.0 | 100.0 |   N/A |   N/A | 100.0 |  64.0
       Dungeon | 100.0 | 100.0 |   N/A |   N/A | 100.0 |  64.0
               +-------+-------+-------+-------+-------+----------------------

Table legend: (Time is in decaauts)
 A = Elapsed time spent in this place.
 B = Non-inter-level travel time spent in this place.
 C = Inter-level travel time spent in this place.
 D = Time resting spent in this place.
 E = Time spent auto-exploring this place.
 F = Levels seen in this place.
 G = Mean time per level.
                   A        B        C        D        E       F      G
               +--------+--------+--------+--------+--------+-----+--------+
         Total |   2335 |   2258 |     77 |     77 |   1809 |   3 |  778.3 |
       Dungeon |   2335 |   2258 |     77 |     77 |   1809 |   3 |  778.3 |
               +--------+--------+--------+--------+--------+-----+--------+

Top non-repeatable levels by time:
     D:1: 1168 daAuts
     D:2: 851 daAuts
     D:3: 315 daAuts
